 Dungeon Sprint DCSS version 0.28-a0-1347-g113dc556a4 (webtiles) character file.

Game seed: 11763915005646058219

292 Turgor the Severer (level 8, -2/85 HPs)
             Began as a Minotaur Berserker on Dec 29, 2021.
             Was a High Priest of Trog.
             Slain by a mana viper (7 damage)
             ... in the Dungeon (Sprint VI: "Thunderdome").
             The game lasted 00:18:05 (678 turns).

Turgor the Severer (Minotaur Berserker)              Turns: 678, Time: 00:18:07

Health: -2/85      AC:  5    Str: 25    XL:     8   Next: 23%
Magic:  7/7        EV: 14    Int:  7    God:    Trog [*****.]
Gold:   100        SH:  5    Dex: 15    Spells: 7/7 levels left

rFire   + + +      SeeInvis +   a - +7 battleaxe (vorpal)
rCold   + . .      Faith    .   (shield currently unavailable)
rNeg    + . .      Spirit   .   m - +2 leather armour of Futhu {rF+ rN+ Str-2}
rPois   +          Reflect  +   (helmet restricted)
rElec   .          Harm     .   (no cloak)
rCorr   +          Rampage  .   (no gloves)
Will    .....      NoTele   +   (no boots)
Stlth   +.........              o - amulet of Pyromania {Reflect rF++ Int+3 SH+5}
HPRegen 0.24/turn               p - ring of Coronation {rPois Str+2 Dex+6}
MPRegen 0.10/turn               q - ring of Ogiuh {Contam rC+ rCorr SInv}

@: on berserk cooldown, hasted and slowed
A: horns 2, retaliatory headbutt
a: Renounce Religion, Berserk, Trog's Hand, Brothers in Arms


You were in the Dungeon.
You worshipped Trog.
Trog was extremely pleased with you.
You visited 1 branch You collected 600 gold pieces.
You spent 500 gold pieces at shops.

Inventory:

Hand Weapons
 a - a +7 vorpal battleaxe (weapon)
 r - a +0 broad axe
Missiles
 n - 5 stones (quivered)
Armour
 m - the +2 leather armour of Futhu (worn) {rF+ rN+ Str-2}
   (You bought it in a shop in the Dungeon)

   Str:       It affects your strength (-2).
   rF:        It protects you from fire.
   rN:        It protects you from negative energy.
Jewellery
 o - the amulet of Pyromania (around neck) {Reflect rF++ Int+3 SH+5}
   (You bought it in a shop in the Dungeon)

   [amulet of reflection]

   It reflects blocked missile attacks.
   Int:       It affects your intelligence (+3).
   rF:        It greatly protects you from fire.
   SH:        It affects your SH (+5).
 p - the ring of Coronation (left hand) {rPois Str+2 Dex+6}
   (You bought it in a shop in the Dungeon)

   [ring of dexterity]

   Str:       It affects your strength (+2).
   Dex:       It affects your dexterity (+6).
   rPois:     It protects you from poison.
 q - the ring of Ogiuh (right hand) {Contam rC+ rCorr SInv}
   (You bought it in a shop in the Dungeon)

   [ring of protection from cold]

   rC:        It protects you from cold.
   SInv:      It lets you see invisible.
   Contam:    It causes magical contamination when unequipped.
   rCorr:     It protects you from acid and corrosion.
Wands
 i - a wand of acid (2)
 j - a wand of iceblast (3)
Scrolls
 h - 3 scrolls of blinking
 k - 3 scrolls of fog
Potions
 c - a potion of curing
 d - 4 potions of heal wounds
 e - 3 potions of haste
 f - 2 potions of magic
 g - a potion of berserk rage
 l - a potion of resistance


   Skills:
 + Level 12.4 Fighting
 * Level 16.6 Axes
 + Level 5.7 Armour
 + Level 5.2 Dodging


You had 7 spell levels left.
You didn't know any spells.
Your spell library was empty.

Dungeon Overview and Level Annotations

Branches:
Dungeon (1/1)

Altars:
Cheibriados
Dithmenos
Fedhas
Gozag
Kikubaaqudgha
Makhleb
Okawaru
Qazlal
Ru
Sif Muna
Trog
Uskayaw
Vehumet
Wu Jian
Xom
Yredelemnul
Zin
The Shining One
Beogh
Lugonu

Shops:
D *[??*?*:[((!!!!


Innate Abilities, Weirdness & Mutations

You have a pair of horns on your head.
You reflexively headbutt those who attack you in melee.


Message History

You feel yourself speed up. You block the giant anaconda's attack.
The giant anaconda closely misses you.
You closely miss the giant anaconda. You headbutt the giant anaconda.
The giant anaconda is lightly wounded.
The giant anaconda grabs you. The giant anaconda barely misses you.
The giant anaconda constricts you. The giant anaconda barely misses you.
The giant anaconda constricts you.
You miss the giant anaconda.
Your headbutt misses the giant anaconda.
The giant anaconda is lightly wounded.
The giant anaconda bites you! The giant anaconda constricts you.
You slice the giant anaconda!!
Your headbutt misses the giant anaconda.
The giant anaconda is moderately wounded.
The giant anaconda bites you. The giant anaconda constricts you.
The giant anaconda bites you! The giant anaconda constricts you.
You slice the giant anaconda!!
The giant anaconda is heavily wounded.
The giant anaconda bites you! The giant anaconda constricts you.
* * * LOW HITPOINT WARNING * * *
You barely miss the giant anaconda.
Your headbutt misses the giant anaconda.
The giant anaconda is heavily wounded.
The giant anaconda bites you.
* * * LOW HITPOINT WARNING * * *
The giant anaconda constricts you.
* * * LOW HITPOINT WARNING * * *
The giant anaconda bites you!
* * * LOW HITPOINT WARNING * * *
The giant anaconda constricts you.
* * * LOW HITPOINT WARNING * * *
Unknown command.
Blink to where?
Press: ? - help, Dir - move target, p - giant anaconda You escape the giant anaconda's grasp.
A mana viper comes into view.
As you read the scroll of blinking, it crumbles to dust.
The mana viper hisses angrily.
The mana viper bites you!
You die...

###∩.......†8.# #.8........∩
##.............###...........
#⌠..........###...###........
#⌠..........# #.<.# #........
#⌠..........###...###........
##.............###...........
###∩....)...8.# #.8........∩
##∩___....S.###.S....___∩#
######.8@........8.######
#§........)..⌠#
###.........### #_......._#
#........_# #........_#
#∩.......∩# ##∩.....∩##
##.....##


You could see a giant anaconda (corroded) and a mana viper.

Vanquished Creatures
  A black mamba (D)
  A queen bee (D)
  A necrophage (D)
  An ogre (D)
  7 vampire bats (D)
  5 killer bees (D)
  Jessica (D)
  An adder skeleton (D)
  2 adder zombies (D)
  An orc (D)
  A hobgoblin (D)
  A ball python zombie (D)
  A kobold (D)
24 creatures vanquished.

Notes
Turn   | Place    | Note
-------+----------+-------------------------------------------
     0 | D        | Turgor the Minotaur Berserker began the quest for the Orb.
     0 | D        | Reached XP level 1. HP: 19/19 MP: 0/0
     1 | D        | Found an opulent altar of Gozag.
     1 | D        | Found a sacrificial altar of Ru.
     2 | D        | Found a corrupted altar of Lugonu.
     3 | D        | Found a glowing golden altar of the Shining One.
     3 | D        | Found an iron altar of Okawaru.
     4 | D        | Found a glowing silver altar of Zin.
     4 | D        | Found a shadowy altar of Dithmenos.
     4 | D        | Found Copunyil's Identification Station.
     5 | D        | Found Seeleo's Jewellery.
     5 | D        | Found Kobagum's Advanced Armour.
     5 | D        | Round 1.
     8 | D        | Found an ornate altar of the Wu Jian Council.
    10 | D        | Noticed an ogre
    14 | D        | Reached skill level 4 in Axes
    18 | D        | Killed an ogre
    19 | D        | Reached skill level 9 in Axes
    19 | D        | Reached XP level 2. HP: 9/31 MP: 1/1
    19 | D        | Reached XP level 3. HP: 11/38 MP: 2/2
    19 | D        | Reached XP level 4. HP: 13/45 MP: 3/3
    29 | D        | Bought a clouded tin amulet for 45 gold pieces
    29 | D        | Identified the amulet of Pyromania {Reflect rF++ Int+3
                  | SH+5} (You bought it in a shop in the Dungeon)
    34 | D        | Bought a vibrating pewter ring for 45 gold pieces
    34 | D        | Identified the ring of Coronation {rPois Str+2 Dex+6} (You
                  | bought it in a shop in the Dungeon)
    35 | D        | Bought an ancient copper ring for 45 gold pieces
    35 | D        | Identified the ring of Ogiuh {Contam rC+ rCorr SInv} (You
                  | bought it in a shop in the Dungeon)
    39 | D        | Noticed Jessica
    42 | D        | Found Cefie's Premium Goods.
    43 | D        | Killed Jessica
    43 | D        | Reached ** piety under Trog
    45 | D        | Found Ruhoff's Miscellaneous Merchandise.
    45 | D        | Found Axoyr's Basic Armour.
    47 | D        | Found a shimmering altar of Xom.
    47 | D        | Found a shimmering blue altar of Sif Muna.
    47 | D        | Found a stormy altar of Qazlal.
    47 | D        | Found Pam Cete's Weapon Rack.
    51 | D        | Found a radiant altar of Vehumet.
    52 | D        | Found a blossoming altar of Fedhas.
    58 | D        | Found a hide-covered altar of Uskayaw.
    59 | D        | Found Qoebro's Do-It-Yourself Clinic.
    60 | D        | Found Nijeomon's Bottled Wisdom.
    60 | D        | Found Xacveill's Distillery.
    61 | D        | Found a basalt altar of Yredelemnul.
    61 | D        | Found a bloodstained altar of Trog.
    61 | D        | Found Ziloicsi's Distillery.
    66 | D        | Found a burning altar of Makhleb.
    67 | D        | Found a snail-covered altar of Cheibriados.
    69 | D        | Found an ancient bone altar of Kikubaaqudgha.
    69 | D        | Found Ugatisu's Staff Store.
    69 | D        | Found Dibbuoru's Magic Scroll Shop.
    70 | D        | Arena points: 12 (+12) [x2]
    72 | D        | Found Rieger's Must-Have Magic.
    72 | D        | Found Qiuxiyr's Magic Scroll Shop.
   105 | D        | Round 2.
   137 | D        | Reached *** piety under Trog
   138 | D        | Reached skill level 10 in Axes
   209 | D        | Noticed a necrophage
   214 | D        | Killed a necrophage
   215 | D        | Reached skill level 11 in Axes
   215 | D        | Reached XP level 5. HP: 56/56 MP: 4/4
   223 | D        | Arena points: 48 (+36) [x3]
   239 | D        | Bought a +0 broad axe for 120 gold pieces
   291 | D        | Round 3.
   304 | D        | Reached **** piety under Trog
   305 | D        | Reached skill level 12 in Axes
   311 | D        | Noticed a queen bee
   323 | D        | Killed a queen bee
   324 | D        | Reached skill level 10 in Fighting
   324 | D        | Reached skill level 14 in Axes
   324 | D        | Reached XP level 6. HP: 15/67 MP: 5/5
   335 | D        | Reached XP level 7. HP: 11/74 MP: 6/6
   355 | D        | Reached skill level 15 in Axes
   405 | D        | Arena points: 132 (+84) [x4]
   476 | D        | Round 4.
   481 | D        | Reached ***** piety under Trog
   500 | D        | Received a gift from Trog
   516 | D        | Reached skill level 16 in Axes
   572 | D        | Arena points: 292 (+160) [x5]
   581 | D        | Bought a smoking leather armour for 245 gold pieces
   581 | D        | Identified the +2 leather armour of Futhu {rF+ rN+ Str-2}
                  | (You bought it in a shop in the Dungeon)
   635 | D        | Round 5.
   645 | D        | Noticed a black mamba
   650 | D        | Killed a black mamba
   651 | D        | Reached skill level 5 in Armour
   651 | D        | Reached skill level 5 in Dodging
   651 | D        | Reached XP level 8. HP: 85/85 MP: 7/7
   670 | D        | Noticed a giant anaconda
   678 | D        | Noticed a mana viper
   678 | D        | Slain by a mana viper

Illustrated notes

Levels and vault maps discovered:
D:        arena_sprint

Skill      XL: |  1  2  3  4  5  6  7 |
---------------+----------------------+-----
Axes           | 9 11 14 16 | 16.6
Fighting       | 6 8 10 11 12 | 12.4
Armour         | 5 |  5.7
Dodging        | 5 |  5.2

Action                   |  1- 3 |  4- 6 |  7- 9 || total
-------------------------+-------+-------+-------++-------
Melee: Hand axe          |     5 |    20 |       ||    25
       Headbutt          |     3 |     8 |     5 ||    16
       Broad axe         |       |    16 |     8 ||    24
       Battleaxe         |       |       |    12 ||    12
Throw: Stone             |       |     2 |     1 ||     3
Invok: Berserk           |       |     1 |     1 ||     2
       Trog's Hand       |       |     1 |     1 ||     2
Evoke: Wand              |     1 |     1 |     3 ||     5
  Use: Potion            |       |     1 |     1 ||     2
       Scroll            |       |       |     1 ||     1
Armor: Animal skin       |       |     3 |       ||     3
Dodge: Dodged            |     5 |    12 |    12 ||    29
Block: Other             |       |     8 |     6 ||    14

Table legend: (Time is in decaauts)
 A = Elapsed time spent in this place.
 B = Non-inter-level travel time spent in this place.
 C = Inter-level travel time spent in this place.
 D = Time resting spent in this place.
 E = Time spent auto-exploring this place.
 F = Levels seen in this place.
 G = Mean time per level.
                   A        B        C        D        E       F      G
               +--------+--------+--------+--------+--------+-----+--------+
         Total |    688 |    688 |      0 |    277 |      0 |   1 |  688.0 |
       Dungeon |    688 |    688 |      0 |    277 |      0 |   1 |  688.0 |
               +--------+--------+--------+--------+--------+-----+--------+

Top non-repeatable levels by time:
       D: 688 daAuts
